Map: Rhoskallian LE

Players

Arthenix

  • Race: Protoss Protoss
  • Spawn Location: 5:00

Napolitain

  • Race: Terran Terran
  • League: Diamond
  • Spawn Location: 6:00

qqq

  • Race: Protoss Protoss
  • League: Platinum
  • Spawn Location: 12:00

Massa

  • Race: Terran Terran
  • League: Gold
  • Spawn Location: 11:00

VOD

Have the link to the VOD?

Description

Time

  • Played on: Aug. 27, 2020, 7:39 a.m.
  • Length: 6:08
Show
View Real Time Build Order
Export as new Build Order

Arthenix Protoss 

Build Orders:  

Get SALT Encoding   

  12  0:01  Probe  
  13  0:13  Probe  
  14  0:18  Pylon  
  14  0:25  Probe  
  15  0:37  Gateway  
  15  0:40  Probe  
  16  0:52  Probe (Chrono Boost)  
  17  0:59  Assimilator  
  18  1:04  Probe (Chrono Boost)  
  18  1:09  Probe (Chrono Boost)  
  19  1:26  Cybernetics Core  
  19  1:37  Zealot  
  21  1:56  Nexus  
  21  1:59  Probe  
  22  2:11  Probe  
  22  2:14  Warp Gate  
  22  2:15  Assimilator  
  22  2:30  Pylon  
  22  2:48  Stalker  
  22  2:49  Gateway  
  24  2:55  Probe  
  25  3:04  Gateway  
  25  3:07  Probe  
  25  3:09  Probe, Twilight Council  
  27  3:19  Probe  
  28  3:21  Probe  
  29  3:31  Probe  
  29  3:33  Probe  
  31  3:43  Probe  
  31  3:47  Stalker  
  34  3:48  Probe  
  34  3:51  Pylon, Stalker  
  37  3:56  Probe  
  37  4:00  Probe  
  39  4:03  Assimilator  
  39  4:08  Probe  
  40  4:12  Probe  
  40  4:13  Shield Battery  
  41  4:20  Probe, Pylon  
  41  4:22  Shield Battery  
  42  4:25  Probe  
  42  4:27  Stalker  
  45  4:32  Probe  
  46  4:47  Probe x2, Forge  
  46  4:49  Assimilator  
  48  4:58  Robotics Facility  
  48  4:59  Probe x2  
  50  5:00  Sentry  
  52  5:11  Probe x2  
  54  5:17  Stalker x2  
  58  5:23  Probe  
  57  5:44  Gateway  
  57  5:57  Nexus  
Show
View Real Time Build Order
Export as new Build Order

Napolitain Terran 

Build Orders: Reaper Expand 

Get SALT Encoding   

  12  0:00  SCV  
  13  0:13  SCV  
  14  0:17  Supply Depot  
  14  0:25  SCV  
  15  0:39  SCV  
  16  0:45  Barracks  
  16  0:48  Refinery  
  16  0:51  SCV  
  17  1:03  SCV  
  18  1:15  SCV  
  19  1:35  Reaper  
  20  1:57  Command Center  
  20  2:02  Orbital Command  
  20  2:06  Supply Depot  
  20  2:07  Marine  
  21  2:30  Marine  
  21  2:34  SCV, Factory  
  23  2:46  SCV  
  23  2:58  SCV  
  23  2:59  Barracks Tech Lab  
  24  3:10  Refinery  
  24  3:11  SCV, Orbital Command  
  25  3:22  Starport  
  25  3:29  Barracks  
  25  3:30  Barracks  
  25  3:35  SCV  
  25  3:38  SCV  
  27  3:47  SCV, Stimpack  
  28  3:50  SCV  
  29  3:59  SCV  
  29  4:01  Factory Tech Lab  
  29  4:02  SCV  
  31  4:04  Starport Tech Lab  
  31  4:11  Marauder  
  31  4:12  Command Center  
  31  4:13  SCV  
  31  4:14  SCV  
  35  4:17  Barracks Reactor x2  
  35  4:25  SCV  
  35  4:29  Supply Depot  
  35  4:30  Supply Depot  
  36  4:38  Viking  
  36  4:44  Cyclone  
  41  4:50  SCV x2, Marauder  
  45  4:55  Refinery  
  45  4:58  Refinery  
  45  5:02  SCV  
  45  5:03  SCV  
  45  5:06  Marine  
  45  5:07  Marine x3  
  48  5:11  Marauder  
  53  5:23  Orbital Command  
  53  5:32  SCV x2  
  55  5:44  SCV x2, Engineering Bay  
  55  5:45  Engineering Bay  
  57  5:52  SCV  
  57  5:56  SCV x2  
Show
View Real Time Build Order
Export as new Build Order

qqq Protoss 

Build Orders:  

Get SALT Encoding   

  12  0:04  Probe  
  13  0:18  Probe  
  14  0:23  Pylon  
  14  0:31  Probe  
  15  0:43  Probe  
  16  0:53  Forge  
  16  0:55  Probe  
  17  1:07  Probe  
  18  1:19  Probe, Pylon  
  19  1:32  Probe  
  20  1:40  Photon Cannon  
  18  1:57  Probe  
  19  2:02  Gateway  
  19  2:06  Nexus  
  19  2:28  Probe  
  20  2:31  Assimilator  
  20  2:35  Assimilator  
  20  2:40  Probe  
  20  2:41  Pylon  
  20  2:42  Pylon  
  21  2:52  Probe  
  22  2:59  Cybernetics Core  
  22  3:01  Pylon  
  22  3:04  Probe  
  23  3:12  Pylon  
  23  3:16  Probe  
  23  3:18  Probe  
  25  3:28  Probe  
  25  3:30  Probe  
  28  3:42  Probe (Chrono Boost)  
  28  3:43  Probe (Chrono Boost)  
  28  3:46  Stargate  
  29  3:54  Probe (Chrono Boost), Assimilator  
  31  3:58  Probe (Chrono Boost)  
  31  3:59  Probe (Chrono Boost)  
  32  4:05  Probe  
  32  4:08  Probe, Stargate  
  34  4:17  Probe, Assimilator  
  34  4:20  Probe  
  36  4:29  Probe  
  37  4:33  Probe  
  38  4:39  Phoenix  
  38  4:41  Probe  
  38  4:45  Probe  
  42  4:47  Robotics Facility  
  42  4:51  Phoenix  
  44  4:57  Probe  
  45  5:02  Probe  
  46  5:09  Probe  
  46  5:10  Nexus  
  46  5:13  Phoenix, Pylon  
  49  5:19  Phoenix  
  49  5:21  Probe  
  52  5:33  Probe, Pylon  
  52  5:35  Observer  
  54  5:38  Phoenix  
  56  5:57  Photon Cannon  
  56  6:00  Photon Cannon  
  56  6:02  Photon Cannon  
  58  6:05  Shield Battery  
Show
View Real Time Build Order
Export as new Build Order

Massa Terran 

Build Orders:  

Get SALT Encoding   

  12  0:03  SCV  
  13  0:15  SCV  
  14  0:25  Supply Depot  
  14  0:27  SCV  
  15  0:31  Refinery  
  15  0:46  SCV  
  15  0:48  Barracks  
  16  0:58  SCV  
  17  1:06  Supply Depot  
  17  1:11  SCV  
  18  1:23  SCV  
  19  1:38  SCV  
  20  1:43  Reaper  
  21  1:58  Orbital Command  
  21  2:01  Command Center  
  21  2:13  Factory  
  21  2:15  Marine  
  22  2:35  Marine  
  23  2:49  SCV  
  24  3:01  SCV  
  24  3:04  Factory Tech Lab  
  25  3:07  Barracks  
  25  3:13  SCV  
  25  3:14  Barracks Tech Lab  
  25  3:17  Orbital Command  
  26  3:46  SCV x2  
  28  3:49  Siege Tank  
  28  3:52  Marauder  
  28  3:55  Barracks Reactor  
  33  3:58  SCV x2  
  33  4:00  Barracks  
  35  4:10  SCV, Engineering Bay  
  35  4:13  Refinery, Marauder  
  35  4:16  Engineering Bay  
  38  4:22  Widow Mine  
  40  4:25  SCV x2  
  40  4:31  Refinery, Marine  
  42  4:32  Marine  
  42  4:34  Marauder  
  42  4:38  Starport  
  46  4:42  Supply Depot  
  46  4:45  Supply Depot  
  46  4:51  SCV x2, Marine x2  
  50  4:53  Widow Mine  
  50  4:59  Barracks Reactor  
  52  5:04  Marauder  
  52  5:06  SCV x2  
  56  5:09  Marine  
  57  5:17  Supply Depot  
  57  5:21  Command Center  
  57  5:23  Supply Depot  
  57  5:25  Missile Turret  
  57  5:28  Missile Turret  
  57  5:31  Medivac, Missile Turret  
  59  5:36  Widow Mine  
  61  5:48  Marine x2  
Tags
 
Add a new tag
Caveats
  • Supply blocks, unpowered buildings, or Contaminate may cause inaccurate times.
  • Supply counts are checked every 10 seconds.